 Seeded DCSS version 0.30.1-4-g462c640d31 (webtiles) character file.

Game seed: 6351066067085065685 (custom seed)

26 Esekla the Grave Robber (level 2, -2/15 HPs)
             Began as a Deep Elf Necromancer on Aug 18, 2023.
             Was an Initiate of Vehumet.
             Constricted to death by a goblin (6 damage)
             ... on level 2 of the Dungeon.
             The game lasted 00:09:11 (1406 turns).

Esekla the Grave Robber (Deep Elf Necromancer)      Turns: 1406, Time: 00:09:11

Health: -2/15      AC:  3    Str:  5    XL:     2   Next: 89%
Magic:  8/8        EV: 10    Int: 19    God:    Vehumet [......]
Gold:   108        SH:  0    Dex: 18    Spells: 6/7 levels left

rFire   . . .        m - +5 rapier of the Hero {heavy, rN+ Dex+3}
rCold   . . .        (no shield)
rNeg    + . .        a - +0 robe
rPois   .            i - +0 helmet
rElec   .            (no cloak)
rCorr   .            (no gloves)
SInv    .            (no boots)
Will    .....        (no amulet)
Stlth   ++           (no ring)
HPRegen 0.22/turn    (no ring)
MPRegen 0.11/turn

%: no passive effects
@: grasped by roots, hasted, constricted, very quick
A: no striking features
a: Renounce Religion


You were on level 2 of the Dungeon.
You worshipped Vehumet.
Vehumet was noncommittal.
You visited 1 branch of the dungeon, and saw 4 of its levels.

You collected 108 gold pieces.

Inventory:

Hand Weapons
 m - the +5 rapier of the Hero (weapon) {heavy, rN+ Dex+3}
   (You found it on level 3 of the Dungeon)

   Dex:       It affects your dexterity (+3).
   rN:        It protects you from negative energy.
Armour
 a - a +0 robe (worn)
 i - a +0 helmet (worn)
Scrolls
 c - a scroll of immolation {unknown}
 f - 3 scrolls of identify {unknown}
 j - a scroll of enchant armour {unknown}
 k - a scroll of amnesia {unknown}
 l - a scroll of blinking {unknown}
Potions
 b - a potion of magic
 h - a potion of mutation {unknown}


   Skills:
 * Level 3.1 Dodging
 + Level 2.6 Stealth
 * Level 3.4 Spellcasting
 + Level 5.3 Necromancy


You had 6 spell levels left.
You knew the following spells:

 Your Spells              Type           Power      Damage    Failure   Level
a - Necrotise             Necr           92%        1d8       1%          1

Your spell library contained the following spells:

 Spells                   Type           Power      Damage    Failure   Level
 Vampiric Draining        Necr           23%        2d7       4%          3
 Animate Dead             Necr           23%        N/A       17%         4
 Agony                    Necr           23%        N/A       43%         5


Dungeon Overview and Level Annotations

Branches:
Dungeon (4/15)
 Temple: D:4-7

Altars:
Okawaru
Vehumet
Zin

Shops:
D:2 =


Message History

The frilled lizard bites you.
You hit the frilled lizard.
You kill the frilled lizard!
Vehumet accepts your kill.
l - a scroll labelled LIXOR VONLAKI
Found a stone staircase leading up.
A gnoll comes into view. It is wielding a +0 spear.
The gnoll enters a dispersal trap!
You blink.
You see here a +0 leather armour.
A goblin comes into view.
It is wielding a +0 short sword, quivering poisoned darts and carrying a wand of roots (9).
The goblin shouts!
You hear a shout!
The goblin throws a poisoned dart.
The poisoned dart barely misses you.
The goblin hits you with a +3 dagger of speed.
You puncture the goblin!
You kill the goblin!
Vehumet accepts your kill.
The goblin throws a poisoned dart.
The poisoned dart hits you!
You are poisoned.
It was a potion of haste.
You feel yourself speed up.
You feel sick.
The goblin throws a poisoned dart.
The poisoned dart hits you!
You are lethally poisoned!
It was a potion of ambrosia.
You are confused.
You feel invigorated.
You feel very sick.
The goblin throws a poisoned dart.
The poisoned dart hits you.
You are lethally poisoned!
It was a potion of curing.
You feel better.
You feel less invigorated.
The goblin zaps a wand.
The roots erupt in riotous growth!
The grasping roots grab you! The grasping roots constrict you.
The roots grasp on you weakens, but your attempt to escape fails.
The grasping roots constrict you.
You closely miss the goblin. The goblin completely misses you.
The grasping roots constrict you.
You closely miss the goblin.
The goblin hits you with a +0 short sword.
* * * LOW HITPOINT WARNING * * *
The grasping roots constrict you.
You die...

..####..####.# #...........# #
.............######...#######.#
# .............#.....#..# #)# #
.####..#######.####...#######.#
# .......# #.# ##..........# #
.####..# #.# #.########## #
.##....# #.# #.# #
.##<....######!#####.# ####
.####g#........g@....# #... ##
#.#..#####.####### #... #.#..#
#. #... #.#..# #g ##.# ### #.
..# #. #.# ... .. ... .. #.#
### #. #.# .. #.# #.#


You could see a goblin.

Vanquished Creatures
  An adder (D:2)
  3 ball pythons
  An endoplasm (D:3)
  3 goblins
  2 hobgoblins (D:3)
  2 bats (D:3)
  3 frilled lizards
  2 kobolds (D:1)
17 creatures vanquished.

Notes
Turn   | Place    | Note
-------+----------+-------------------------------------------
     0 | D:1      | Esekla the Deep Elf Necromancer began the quest for the
                  | Orb.
     0 | D:1      | Reached XP level 1. HP: 10/10 MP: 6/6
   175 | D:1      | Reached skill level 5 in Necromancy
   243 | D:2      | Noticed a black bear
   366 | D:2      | Found Renulab's Jewellery Shop.
   747 | D:4      | Found a glowing silver altar of Zin.
   759 | D:4      | Found an iron altar of Okawaru.
   773 | D:4      | Found a radiant altar of Vehumet.
   777 | D:4      | Became a worshipper of Vehumet
   779 | D:4      | Noticed a gnoll bouda
   848 | D:3      | Reached XP level 2. HP: 15/15 MP: 8/8
  1189 | D:3      | Identified the +5 rapier of the Hero {heavy, rN+ Dex+3}
  1406 | D:2      | Constricted to death by a goblin

Illustrated notes

Levels and vault maps discovered:
D:1:      sevenhm_arrival_forest_fort_small_3, layout_rooms,
          chequers_serial_rivers_room_b, minmay_misc_feat_five
D:2:      layout_loops_ring, dreamdust_ecumenical_altar_angels_and_demons,
          serial_shops, shop
D:3:      layout_basic, grunt_temple_overflow_open, minmay_misc_feat_iff
D:4:      layout_basic, nicolae_overflow_quartered_altars, serial_shops,
          nicolae_diamond_shop

Skill      XL: |  1  2 |
---------------+-------+-----
Necromancy     | 5 |  5.3
Dodging        | 3 |  3.1
Stealth        | |  2.6
Spellcasting   | |  3.4

Action                     || total
---------------------------++-------
  Melee: Short sword       ||    44
         Unarmed           ||    15
         Rapier            ||    15
         Dagger            ||     3
         Punch             ||     1
    Use: Scroll            ||     1
         Potion            ||     3
   Stab: Sleeping          ||     4
 Armour: Robe              ||    24
  Dodge: Dodged            ||    42
